 Dungeon Crawl Stone Soup version 0.24.0-123-gd5b16e6ec5 (webtiles) character file.

Game seed: 4597727095315632630, levelgen mode: deterministic

56 FishyPogo the Charmwright (level 3, -8/31 HPs)
             Began as a Gnoll Skald on Dec 19, 2019.
             Mangled by a gnoll
             ... wielding a +0 whip
              (11 damage)
             ... on level 2 of the Dungeon.
             The game lasted 00:05:42 (1133 turns).

FishyPogo the Charmwright (Gnoll Skald)             Turns: 1133, Time: 00:05:43

Health: -8/31      AC:  3    Str: 14    XL:     3   Next: 95%
Magic:  1/9        EV: 14    Int: 15    God:
Gold:   68         SH:  0    Dex: 14    Spells: 1/12 levels left

rFire    . . .     SeeInvis .   a - +0 falchion
rCold    . . .     Gourm    .   (no shield)
rNeg     . . .     Faith    .   b - +0 leather armour
rPois    .         Spirit   .   (no helmet)
rElec    .         Reflect  .   (no cloak)
rCorr    .         Harm     .   (no gloves)
MR       .....                  (no boots)
Stlth    ++........             (no amulet)
HPRegen  0.10/turn              s - -3 ring of slaying (curse)
MPRegen  0.11/turn              q - ring of stealth

@: no status effects
A: distributed training, fangs 1, strong nose
a: no special abilities


You were on level 2 of the Dungeon.
You were hungry.

You visited 1 branch of the dungeon, and saw 3 of its levels.

You collected 68 gold pieces.

Inventory:

Hand Weapons
 a - a +0 falchion (weapon)
 f - a +2 antimagic dagger
Missiles
 e - 78 stones (quivered)
 r - 5 curare-tipped darts
Armour
 b - a +0 leather armour (worn)
Jewellery
 l - an uncursed ring of protection from fire
 p - an uncursed ring of protection from fire
 q - a ring of stealth (right hand)
 s - a cursed -3 ring of slaying (left hand)
Wands
 v - a wand of paralysis (10)
Scrolls
 g - 2 scrolls of blinking {unknown}
 h - 3 scrolls of enchant weapon {unknown}
 i - 2 scrolls of remove curse {unknown}
 j - a scroll of random uselessness {unknown}
 k - a scroll of teleportation
 n - a scroll of identify {unknown}
 t - a scroll of amnesia {unknown}
Potions
 m - a potion of flight {unknown}
 o - a potion of might {unknown}
 u - a potion of lignification {unknown}
Comestibles
 c - 7 chunks of flesh
 d - 3 rations


   Skills:
 + Level 4.6 Fighting
 + Level 1.0 Short Blades
 + Level 4.6 Long Blades
 + Level 1.0 Axes
 + Level 1.0 Maces & Flails
 + Level 1.0 Polearms
 + Level 1.0 Staves
 + Level 1.0 Slings
 + Level 1.0 Bows
 + Level 1.0 Crossbows
 + Level 1.0 Throwing
 + Level 2.6 Armour
 + Level 4.6 Dodging
 + Level 1.0 Stealth
 + Level 1.0 Shields
 + Level 1.0 Unarmed Combat
 + Level 5.0 Spellcasting
 + Level 0.7 Conjurations
 + Level 0.7 Hexes
 + Level 5.4 Charms
 + Level 0.7 Summonings
 + Level 0.7 Necromancy
 + Level 0.7 Translocations
 + Level 0.7 Transmutations
 + Level 0.7 Fire Magic
 + Level 0.7 Ice Magic
 + Level 0.7 Air Magic
 + Level 0.7 Earth Magic
 + Level 0.7 Poison Magic
 + Level 1.0 Invocations
 + Level 1.0 Evocations


You had one spell level left.
You knew the following spells:

 Your Spells              Type           Power        Failure   Level  Hunger
h - Regeneration          Chrm/Necr      ##........   17%         3    ###....
n - Spectral Weapon       Hex/Chrm       ##......     17%         3    ###....
p - Shroud of Golubria    Chrm/Tloc      ##....       9%          2    ##.....
u - Song of Slaying       Chrm           ###.....     3%          2    ##.....
y - Infusion              Chrm           ###.         2%          1    None

Your spell library contained the following spells:

 Spells                   Type           Power        Failure   Level  Hunger


Dungeon Overview and Level Annotations

Branches:
Dungeon (3/15)

Altars:
Kikubaaqudgha
Zin


Innate Abilities, Weirdness & Mutations

Your experience applies equally to all skills.
You have very sharp teeth.
Your uncanny sense of smell can sniff out nearby items.


Message History

a +0 halberd; a gnoll corpse You hit the gnoll.
The gnoll is moderately wounded.
The gnoll misses you.
Some of the chunks of flesh in your inventory have rotted away.
The gnoll closely misses your spectral weapon.
You swap places.
The gnoll barely misses you.
Things that are here:
a +0 halberd; a gnoll corpse You barely miss the gnoll.
The gnoll is moderately wounded.
The gnoll hits you with a +0 whip.
* * * LOW HITPOINT WARNING * * *
You barely miss the gnoll.
The gnoll is moderately wounded.
The gnoll closely misses you.
You closely miss the gnoll.
The gnoll is moderately wounded.
The gnoll hits you with a +0 whip!
You die...

.....g. #...#g...#
####...##.... ∆
#........... #.#
#.... ∆ #.#
#...######## #.#
#........... #g#
#....#######
#@#####.......####
#(........>...+...
##########....#...
#÷...#...
######... #...
#... #... #...


You could see a gnoll and a friendly spectral +0 falchion.

Vanquished Creatures
  A gnoll (D:2)
  2 adders (D:2)
  2 worms (D:2)
  2 giant cockroaches (D:1)
  2 goblins
  4 hobgoblins
  A quokka (D:2)
  3 bats
  3 kobolds
  3 rats
23 creatures vanquished.

Vanquished Creatures (others)
  A spectral weapon (D:2)
1 creature vanquished.

Grand Total: 24 creatures vanquished

Notes
Turn   | Place    | Note
-------+----------+-------------------------------------------
     0 | D:1      | FishyPogo the Gnoll Skald began the quest for the Orb.
     0 | D:1      | Reached XP level 1. HP: 20/20 MP: 6/6
   249 | D:1      | Reached XP level 2. HP: 26/26 MP: 7/7
   254 | D:1      | Learned a level 2 spell: Song of Slaying
   516 | D:1      | Learned a level 2 spell: Shroud of Golubria
   792 | D:2      | Reached XP level 3. HP: 28/31 MP: 6/9
   797 | D:2      | Learned a level 3 spell: Regeneration
   801 | D:2      | Learned a level 3 spell: Spectral Weapon
   801 | D:2      | Found an ancient bone altar of Kikubaaqudgha.
   803 | D:2      | Found a glowing silver altar of Zin.
   856 | D:2      | Reached skill level 5 in Spellcasting
   949 | D:2      | Reached skill level 1 in Invocations
  1126 | D:2      | Reached skill level 1 in Short Blades
  1126 | D:2      | Reached skill level 1 in Axes
  1126 | D:2      | Reached skill level 1 in Maces & Flails
  1126 | D:2      | Reached skill level 1 in Polearms
  1126 | D:2      | Reached skill level 1 in Staves
  1126 | D:2      | Reached skill level 1 in Slings
  1126 | D:2      | Reached skill level 1 in Bows
  1126 | D:2      | Reached skill level 1 in Crossbows
  1126 | D:2      | Reached skill level 1 in Throwing
  1126 | D:2      | Reached skill level 1 in Stealth
  1126 | D:2      | Reached skill level 1 in Shields
  1126 | D:2      | Reached skill level 1 in Unarmed Combat
  1126 | D:2      | Reached skill level 1 in Evocations
  1133 | D:2      | Mangled by a gnoll

Levels and vault maps discovered:
D:1:      sevenhm_arrival_forest_fort_small_3, layout_basic, kennysheep_doodads,
          minmay_tiny_reverse_x
D:2:      layout_basic, chequers_temple_overflow_statue_of_worship
D:3:      layout_loops_corners, minivault_27, chequers_arboretum,
          fedhas_altar_1, uniq_natasha

Skill      XL: |  1  2  3 |
---------------+----------+-----
Spellcasting   | 5 |  5.0
Invocations    | 1 |  1.0
Short Blades   | 1 |  1.0
Axes           | 1 |  1.0
Maces & Flails | 1 |  1.0
Polearms       | 1 |  1.0
Staves         | 1 |  1.0
Slings         | 1 |  1.0
Bows           | 1 |  1.0
Crossbows      | 1 |  1.0
Throwing       | 1 |  1.0
Stealth        | 1 |  1.0
Shields        | 1 |  1.0
Unarmed Combat | 1 |  1.0
Evocations     | 1 |  1.0
Fighting       | |  4.6
Long Blades    | |  4.6
Armour         | |  2.6
Dodging        | |  4.6
Conjurations   | |  0.7
Hexes          | |  0.7
Charms         | |  5.4
Summonings     | |  0.7
Necromancy     | |  0.7
Translocations | |  0.7
Transmutations | |  0.7
Fire Magic     | |  0.7
Ice Magic      | |  0.7
Air Magic      | |  0.7
Earth Magic    | |  0.7
Poison Magic   | |  0.7

Action                   || total
-------------------------++-------
Melee: Falchion          ||    68
       Bite              ||    10
 Cast: Shroud of Golubri ||     5
       Infusion          ||     1
       Spectral Weapon   ||     6
       Regeneration      ||     1
  Use: Scroll            ||     1
 Stab: Sleeping          ||     2
  Eat: Chunk             ||     1
Armor: Leather armour    ||    11
Dodge: Dodged            ||    60
       Rpst.: Falchion   ||    20
